 Dungeon Crawl Stone Soup version 0.31-a0-263-ge8cad7f256 (webtiles) character file.

Game seed: 13679399898402641253

207 qw the Shooter (level 5, 0/46 HPs)
             Began as a Minotaur Hexslinger on July 13, 2023.
             Succumbed to a scorpion's poison
             ... on level 5 of the Dungeon.
             The game lasted 00:00:54 (2009 turns).

qw the Shooter (Minotaur Hexslinger)                Turns: 2009, Time: 00:00:55

Health: 0/46       AC:  3    Str: 12    XL:     5   Next: 54%
Magic:  5/5        EV: 12    Int: 10    God:
Gold:   103        SH:  0    Dex: 15    Spells: 5/6 levels left

rFire   . . .        Y - +1 sling
rCold   . . .        (no shield)
rNeg    . . .        e - +0 leather armour
rPois   .            (helmet restricted)
rElec   .            (no cloak)
rCorr   .            (no gloves)
SInv    .            (no boots)
Will    .....        (no amulet)
Stlth   +            (no ring)
HPRegen 0.27/turn    (no ring)
MPRegen 0.09/turn

%: no passive effects
@: lethally poisoned (0 -> -4), about to teleport
A: horns 2, retaliatory headbutt
a: no special abilities


You were on level 5 of the Dungeon.
You visited 1 branch of the dungeon, and saw 5 of its levels.

You collected 103 gold pieces.


Innate Abilities, Weirdness & Mutations

You have a pair of horns on your head.
You reflexively headbutt those who attack you in melee.


   Skills:
 - Level 4.0 Fighting
 + Level 5.3 Ranged Weapons
 - Level 2.1 Dodging
 - Level 1.0 Spellcasting
 - Level 2.0 Hexes


You had 5 spell levels left.
You knew the following spells:

 Your Spells              Type           Power      Damage    Failure   Level
a - Slow                  Hex            16%        N/A       19%         1

Your spell library contained the following spells:

 Spells                   Type           Power      Damage    Failure   Level
 Inner Flame              Hex/Fire       2%         N/A       65%         3
 Portal Projectile        Hex/Tloc       4%         N/A       65%         3
 Cause Fear               Hex            2%         N/A       88%         4

Inventory:

Hand Weapons
 Y - a +1 sling (weapon)
Armour
 e - a +0 leather armour (worn)
Scrolls
 c - a scroll of identify
Potions
 d - a potion of heal wounds {unknown}
 f - a potion of invisibility {unknown}
 g - 2 potions of curing {unknown}
 i - a potion of lignification {unknown}

Dungeon Overview and Level Annotations

Branches:
Dungeon (6/15)
 Temple: D:4-7

Altars:

Shops:
D:1 (


Message History

The scorpion is moderately wounded.
You feel very sick. The scorpion closely misses you.
You shoot a sling bullet.
The sling bullet closely misses the scorpion.
You feel very sick. The scorpion barely misses you. The scorpion stings you.
You shoot a sling bullet. The sling bullet hits the scorpion.
The scorpion is severely wounded.
You feel sick. The scorpion misses you.
You shoot a sling bullet.
The sling bullet closely misses the scorpion.
You feel sick. The scorpion barely misses you.
You shoot a sling bullet.
The sling bullet closely misses the scorpion.
You feel sick.
The scorpion barely misses you. x2; You furiously retaliate!
You headbutt the scorpion. You shoot a sling bullet.
The sling bullet barely misses the scorpion.
You feel sick. The scorpion stings you.
You shoot a sling bullet.
The sling bullet hits the scorpion but does no damage.
The scorpion is almost dead.
You feel sick. The scorpion stings you. The scorpion stings you!
2006 ||| READING scroll of teleportation.
As you read the scroll of teleportation, it crumbles to dust.
You feel strangely unstable.
You feel sick.
You are no longer poisoned.
The scorpion stings you!
You are lethally poisoned!
The scorpion poisons you!
You shoot a sling bullet. The sling bullet hits the scorpion!
You kill the scorpion!
You feel sick.
Your Fighting skill gained 2 levels and is now at level 4!
There is a lethal amount of poison in your body!
You feel sick.
There is a lethal amount of poison in your body!
You die...

... #.. #.. ..
#.
.##.##.########
.....$%....>..#
###@...%..#
#.......#
#.......#
#.......#
#.......#
#.......#
####......
#.......
..##.##


There were no monsters in sight!

Vanquished Creatures
  A scorpion (D:5)
  A hound (D:5)
  An iguana (D:5)
  An adder (D:3)
  2 dart slugs
  4 worms (D:2)
  5 bats
  4 endoplasms
  2 giant cockroaches
  4 goblins (D:2)
  5 hobgoblins
  4 jackals (D:1)
  5 quokkas
  5 ball pythons
  4 frilled lizards
  12 kobolds
  5 rats
65 creatures vanquished.

Notes
Turn   | Place    | Note
-------+----------+-------------------------------------------
     0 | D:1      | qw the Minotaur Hexslinger began the quest for the Orb.
     0 | D:1      | Reached XP level 1. HP: 16/16 MP: 1/1
     0 | D:1      | 0 ||| qw: Version: 0.3-a-52-g30416fa
     0 | D:1      | 0 ||| qw: Game counter: 7387
     0 | D:1      | 0 ||| qw: Melee chars always use a shield: true
     0 | D:1      | 0 ||| qw: God list: Okawaru
     0 | D:1      | 0 ||| qw: Allow faded altars: false
     0 | D:1      | 0 ||| qw: Do Orc after clearing Dungeon:15 true
     0 | D:1      | 0 ||| qw: Do second Lair branch before Depths: true
     0 | D:1      | 0 ||| qw: Lair rune preference: random
     0 | D:1      | 0 ||| qw: Goals: Normal
     0 | D:1      | 0 ||| PLANNING D:1-11
    38 | D:1      | Reached skill level 3 in Ranged Weapons
    40 | D:1      | HP: 4/16 [jackal (2)]
    41 | D:1      | Reached XP level 2. HP: 5/23 MP: 2/2
   132 | D:1      | Found Qyv Masealorr's Antique Weapon Shoppe.
   159 | D:1      | 159 ||| SHOPLISTING glowing sling (117 gold, have 26).
   159 | D:1      | 159 ||| SHOPLISTING runed orcbow (169 gold, have 26).
   380 | D:1      | Reached XP level 3. HP: 29/29 MP: 3/3
   627 | D:1      | 627 ||| UPGRADING to +0 leather armour.
   637 | D:1      | 637 ||| DROPPING +0 robe.
   638 | D:1      | 638 ||| READING scroll labelled GYGASO RU TOESA.
   639 | D:1      | 639 ||| DROPPING scroll of poison.
   875 | D:2      | Reached skill level 4 in Ranged Weapons
   912 | D:2      | 912 ||| FLEEEEING.
   913 | D:2      | 913 ||| FLEEEEING.
   914 | D:2      | 914 ||| FLEEEEING.
   915 | D:2      | 915 ||| FLEEEEING.
   921 | D:2      | 921 ||| FLEEEEING.
   925 | D:2      | 925 ||| FLEEEEING.
  1476 | D:2      | Reached XP level 4. HP: 35/36 MP: 4/4
  1623 | D:2      | Found a faded altar of an unknown god.
  1623 | D:2      | Noticed a Tzitzimitl
  1716 | D:2      | 1716 ||| DROPPING ring of flight.
  1717 | D:2      | 1717 ||| READING 2 scrolls labelled WALEOG SOJOPE.
  1722 | D:2      | 1722 ||| READING scroll labelled ELIEBY SANISITAS.
  1878 | D:3      | You fall into a shaft and drop 3 floors!
  1895 | D:5      | Entered Level 5 of the Dungeon
  1896 | D:5      | 1896 ||| PLANNING OSSUARY
  1903 | D:5      | Reached skill level 5 in Ranged Weapons
  1908 | D:5      | Reached XP level 5. HP: 23/44 MP: 5/5
  2005 | D:5      | HP: 11/44 [scorpion (7)]
  2006 | D:5      | 2006 ||| READING scroll of teleportation.
  2006 | D:5      | HP: 3/44 [scorpion (7)]
  2008 | D:5      | HP: 1/46 [poisoned by a scorpion]
  2009 | D:5      | Succumbed to a scorpion's poison

Levels and vault maps discovered:
D:1:      minmay_arrival_arboretum_small, layout_basic, serial_shops, shop,
          nrook_uturn
D:2:      layout_loops_corners, dreamdust_ecumenical_altar_sealed_demon,
          minmay_diced_spiral
D:3:      layout_basic, nzn_overflow_gifts_of_might_and_magic
D:5:      cheibrodos_two_vegetables, layout_loops_cross,
          gup_ossuary_entry_pyramid
D:6:      layout_loops_ring, uniq_grinder

Skill      XL: |  1  2  3  4  5 |
---------------+----------------+-----
Ranged Weapons | 3 4 5 |  5.3
Fighting       | 2 4 |  4.0
Dodging        | |  2.1
Spellcasting   | |  1.0
Hexes          | |  2.0

Action                     |  1- 3 |  4- 6 || total
---------------------------+-------+-------++-------
   Fire: Sling             |   178 |    53 ||   231
    Use: Scroll            |     1 |     3 ||     4
 Armour: Robe              |     7 |       ||     7
         Leather armour    |     8 |     6 ||    14
  Dodge: Dodged            |    59 |    14 ||    73

Table legend:
 A = Non-vault XP
 B = Vault XP
 C = Vault XP percentage of total XP
 D = Non-vault monster count
 E = Vault monster count
 F = Vault count percentage of total count
                 A         B        C        D         E       F
            +---------+---------+-------+---------+---------+-------
      Total |     288 |       8 |   2.7 |      61 |       4 |   6.2
            +---------+---------+-------+---------+---------+-------
        D:1 |      48 |       0 |   0.0 |      29 |       0 |   0.0
        D:2 |      46 |       8 |  14.8 |      20 |       4 |  16.7
        D:3 |      28 |       0 |   0.0 |       9 |       0 |   0.0
        D:5 |     166 |       0 |   0.0 |       3 |       0 |   0.0
            +---------+---------+-------+---------+---------+-------
